 Dungeon Crawl Stone Soup version 0.27.1-37-g7b29ead8ac (webtiles) character file.

Game seed: 4995445798146911581

58 AarnesTheHuman the Magician (level 3, 19/19 HPs)
             Began as a Deep Elf Hedge Wizard on Sept 21, 2023.
             Got out of the dungeon alive.
             The game lasted 00:06:50 (2208 turns).

AarnesTheHuman the Magician (Deep Elf Hedge Wizard) Turns: 2208, Time: 00:06:51

Health: 19/19      AC:  3    Str:  7    XL:     3   Next: 75%
Magic:  10/10      EV: 12    Int: 19    God:
Gold:   59         SH:  0    Dex: 14    Spells: 9/10 levels left

rFire    . . .     SeeInvis .   a - +4 dagger
rCold    . . .     Faith    .   (no shield)
rNeg     . . .     Spirit   .   b - +0 robe
rPois    .         Reflect  .   c - +0 hat
rElec    .         Harm     .   (no cloak)
rCorr    .         Rampage  .   (no gloves)
Will     .....                  j - +0 pair of boots
Stlth    ++........             (no amulet)
HPRegen  0.06/turn              (no ring)
MPRegen  0.12/turn              (no ring)

@: no status effects
A: no striking features
a: no special abilities


You escaped.
You visited 1 branch of the dungeon, and saw 2 of its levels.

You collected 59 gold pieces.

Inventory:

Hand Weapons
 a - a +4 dagger (weapon)
 l - a +0 dagger
Armour
 b - a +0 robe (worn)
 c - a +0 hat (worn)
 j - a +0 pair of boots (worn)
Scrolls
 d - a scroll of enchant weapon {unknown}
 i - 4 scrolls of identify {unknown}
 m - a scroll of noise {unknown}
 n - a scroll of enchant armour {unknown}
Potions
 e - 2 potions of attraction {unknown}
 f - a potion of heal wounds {unknown}
 g - a potion of berserk rage {unknown}
 h - 2 potions of haste {unknown}
 k - 2 potions of degeneration {unknown}


   Skills:
 + Level 2.6 Dodging
 - Level 2.4 Stealth
 + Level 4.4 Spellcasting
 + Level 1.1 Conjurations
 + Level 0.0 Hexes
 + Level 4.0 Summonings
 - Level 1.1 Translocations


You had 9 spell levels left.
You knew the following spells:

 Your Spells              Type           Power      Damage    Failure   Level
a - Magic Dart            Conj           32%        1d4       9%          1

Your spell library contained the following spells:

 Spells                   Type           Power      Damage    Failure   Level
 Call Imp                 Summ           19%        N/A       3%          2
 Blink                    Tloc           N/A        N/A       13%         2
 Slow                     Hex            4%         N/A       21%         2
 Conjure Flame            Conj/Fire      6%         6-21      32%         3
 Mephitic Cloud           Conj/Pois/Air  5%         N/A       34%         3


Dungeon Overview and Level Annotations

Branches:
Dungeon (2/15)

Altars:


Message History

Aiming: Magic Dart (safe; 9% risk of failure)
Press: ? - help, Shift-Dir - straight line, f/p - adder
Aim: an adder (moderately wounded, 100% to hit)
The magic dart hits the adder.
The adder is heavily wounded.
The adder bites you but does no damage. The adder barely misses you.
Casting: Magic Dart (safe; 9% risk of failure)
Confirm with . or Enter, or press ? or * to list all spells.
Aiming: Magic Dart (safe; 9% risk of failure)
Press: ? - help, Shift-Dir - straight line, f/p - adder
Aim: an adder (heavily wounded, 100% to hit)
The magic dart hits the adder.
The adder is severely wounded.
The adder closely misses you.
Casting: Magic Dart (safe; 9% risk of failure)
Confirm with . or Enter, or press ? or * to list all spells.
Aiming: Magic Dart (safe; 9% risk of failure)
Press: ? - help, Shift-Dir - straight line, f/p - adder
Aim: an adder (severely wounded, 100% to hit)
The magic dart hits the adder.
You kill the adder!
Training target 4.0 for Summonings reached!
Your Summonings skill increases to level 4!
You need to enable at least one skill for training.
Unknown command.
Okay, then.
Unknown command.
Okay, then.
Unknown command.
Welcome back, AarnesTheHuman the Deep Elf Hedge Wizard.
Press ? for a list of commands and other information.
HP restored.
Magic restored.
There is an open door here.
There is a stone staircase leading up here.
You climb upwards.
There is a stone staircase leading down here.
There is a staircase leading out of the dungeon here.
Are you sure you want to leave the Dungeon?
This will make you lose the game!
You have escaped!

##..#.#.............#.# ##'#
##..#....###...###....# ####...
#####....#>......#....# #...... #
#....#.......#....# #.#.... #
#.#.............#.# #.#....
#####.#......#......#.# #.#....
...##.#.............#.# #.##...
##.##....#.......#....# #..'...
##†##....#......@#....# ####...
#...#....###...###....#########..
#...#.#.............#.##.........
......#.............#.##.........
......###...###...###.##.........
.........##...........#########..
.....###.##.########### #..
########..#.# #.. #.....###.#.#
###


There were no monsters in sight!

Vanquished Creatures
  Jessica (D:2)
  An adder (D:2)
  2 endoplasms
  3 goblins
  2 hobgoblins
  A kobold (D:2)
  5 ball pythons
  3 bats
  6 frilled lizards
  A rat (D:2)
25 creatures vanquished.

Notes
Turn   | Place    | Note
-------+----------+-------------------------------------------
     0 | D:1      | AarnesTheHuman the Deep Elf Hedge Wizard began the quest
                  | for the Orb.
     0 | D:1      | Reached XP level 1. HP: 10/10 MP: 7/7
   120 | D:1      | Found a faded altar of an unknown god.
   578 | D:1      | Reached XP level 2. HP: 14/15 MP: 3/9
  1467 | D:2      | Noticed Jessica
  1471 | D:2      | Killed Jessica
  1472 | D:2      | Reached XP level 3. HP: 19/19 MP: 5/10
  2208 | D:$      | Got out of the dungeon alive.

Illustrated notes

Levels and vault maps discovered:
D:1:      minmay_arrival_open_corners, layout_basic,
          hellmonk_ecumenical_altar_crossroads
D:2:      layout_basic, uniq_jessica

Skill      XL: |  1  2  3 |
---------------+----------+-----
Summonings     | 2 3 4 |  4.0
Dodging        | |  2.6
Stealth        | |  2.4
Spellcasting   | |  4.4
Conjurations   | |  1.1
Translocations | |  1.1

Action                   || total
-------------------------++-------
 Cast: Magic Dart        ||    71
Armor: Robe              ||     4
Dodge: Dodged            ||     7
